 Dungeon Crawl Stone Soup version 0.19-a0-1127-gac58878 (webtiles) character file.

114807 Duffy the Brawler (level 16, -1/156 (158) HPs)
             Began as a Troll Monk on Aug 12, 2016.
             Was the Champion of Makhleb.
             Slain by an iron troll (26 damage)
             ... on level 1 of the Depths on Aug 13, 2016.
             The game lasted 01:03:32 (25426 turns).

Duffy the Brawler (Troll Monk)                     Turns: 25426, Time: 01:03:33

HP:   -1/156 (158)  AC: 14    Str: 23    XL:     16   Next: 17%
MP:   0/39          EV: 14    Int:  8    God:    Makhleb [******]
Gold: 889           SH: 11    Dex: 17    Spells: 0 memorised, 15 levels left

rFire  . . .     SeeInvis .       - Unarmed
rCold  + . .     Gourm    +     p - +0 mottled dragon armour
rNeg   . . .     Faith    .     O - +0 shield
rPois  +         Spirit   +     (helmet restricted)
rElec  +         Dismiss  .     N - +2 cloak "Wune" {rElec rC+}
rCorr  .         Reflect  .     (gloves unavailable)
SustAt .         Harm     .     (boots unavailable)
MR     +....                    k - amulet of guardian spirit
Stlth  +.........               V - ring of magical power
                                E - ring of magical power

@:
A: unfitting armour, claws 3, hooves 1, horns 1, clever 1, fast metabolism 3,
gourmand, poison resistance, regeneration 3, shaggy fur 1, electricity
resistance, tough skin 2
a: Minor Destruction, Lesser Servant of Makhleb, Major Destruction, Greater
Servant of Makhleb, Renounce Religion


You were on level 1 of the Depths.
You worshipped Makhleb.
Makhleb was exalted by your worship.
You were very full.

You visited 4 branches of the dungeon, and saw 25 of its levels.
You visited 1 bazaar.
You also visited: Ice Cave.

You collected 2582 gold pieces.
You spent 1693 gold pieces at shops.


Innate Abilities, Weirdness & Mutations

You are too large for most types of armour.
You have claws for hands.
Your metabolism is lightning-fast.
You like to eat raw meat.
You regenerate.
You are covered in fur. (AC +1)
You have very tough skin. (AC +2)
You have large cloven feet.
You have a pair of small horns on your head.
Your mind is acute. (Int +2)
Your system is resistant to poisons. (rPois)
You are resistant to electric shocks. (rElec)


   Skills:
 - Level 10.2 Fighting
 - Level 10.0 Throwing
 - Level 6.5 Armour
 - Level 8.8 Dodging
 - Level 1.2 Stealth
 + Level 7.5 Shields
 - Level 16.2 Unarmed Combat
 - Level 8.5 Invocations
 - Level 5.0 Evocations


You had 15 spell levels left.
You didn't know any spells.

Inventory:

Hand Weapons
 b - a +4 blowgun
Missiles
 w - 2 throwing nets
 B - 14 curare-tipped needles
 K - 87 tomahawks (quivered)
 M - 27 large rocks
Armour
 p - a +0 mottled dragon armour (worn)
 N - the +2 cloak "Wune" (worn) {rElec rC+}

   It protects you from cold.
   It insulates you from electricity.
 O - a +0 shield (worn)
Jewellery
 k - an amulet of guardian spirit (around neck)
 E - a ring of magical power (left claw)
 I - an uncursed ring of fire
 R - an uncursed ring of flight
 V - a ring of magical power (right claw)
 Y - the ring of Puank {Wiz rN+}

   [ring of wizardry]

   It improves your spell success rate.
   It protects you from negative energy.
Wands
 c - a wand of acid (5/15)
 o - a wand of disintegration (13/24)
 y - a wand of digging (15/24)
 G - a wand of hasting (2/9)
 Q - a wand of paralysis (16/24)
 T - a wand of acid (9/15)
 U - a wand of heal wounds (5/9)
Scrolls
 a - 10 scrolls of enchant armour
 h - 3 scrolls of immolation
 j - 11 scrolls of remove curse
 l - a scroll of magic mapping
 m - 5 scrolls of fog
 q - 3 scrolls of fear
 t - a scroll of holy word
 x - 9 scrolls of teleportation
 A - a scroll of enchant weapon
 C - 7 scrolls of recharging
 P - 3 scrolls of blinking
Potions
 d - 7 potions of heal wounds
 e - a potion of lignification
 f - 2 potions of cancellation
 g - 5 potions of might
 i - 10 potions of curing
 r - 2 potions of invisibility
 s - 6 potions of magic
 v - 4 potions of agility
 F - 3 potions of haste
 L - 6 potions of flight
 S - a potion of resistance
 X - a potion of ambrosia
Miscellaneous
 u - a box of beasts
Comestibles
 n - 13 meat rations
 z - 11 fruits
 D - 8 slices of pizza
 H - 16 bread rations
 J - 10 beef jerkies

Dungeon Overview and Level Annotations

Branches:
Dungeon (15/15)            Temple (0/1) D:5            Lair (6/6) D:9
  Snake (0/4) Lair:3        Slime (0/5) Lair:5          Orc (2/2) D:10
    Elf (0/3) Orc:2        Depths (2/5) D:15
  Swamp: Lair:2-4    Shoals: Lair:2-4    Vaults: D:13-14

Altars:
Ashenzari
Elyvilon
Fedhas
Gozag
Makhleb
Nemelex Xobeh
Okawaru
Pakellas
Qazlal
Ru
Sif Muna
Uskayaw
Vehumet
Yredelemnul
Zin
The Shining One
Beogh

Shops:
D:5 !   D:8 *   D:13 *   Orc:2 }*%[   Depths:1 ?*

Portals:
Hell: Depths:1

Annotations:
Lair:4 2 exclusions


Message History

The deep troll shaman is moderately wounded.
You eviscerate the deep troll shaman!!!
You kill the deep troll shaman!
Makhleb accepts your kill.
You barely miss the iron troll.
You kick the iron troll, but do no damage.
You block the iron troll's attack. x2
The iron troll claws you but does no damage.
You scratch the iron troll but do no damage.
Your kick misses the iron troll.
You headbutt the iron troll, but do no damage.
The iron troll bites you!! The iron troll claws you!
The iron troll claws you but does no damage.
You completely miss the iron troll.
You kick the iron troll, but do no damage.
You headbutt the iron troll, but do no damage.
You claw the iron troll!
You kick the iron troll, but do no damage.
You headbutt the iron troll, but do no damage.
The iron troll is lightly wounded.
The iron troll bites you!!! You block the iron troll's attack. x2
You are too injured to fight recklessly!
You are too injured to fight recklessly!
You are too injured to fight recklessly!
You are too injured to fight recklessly!
You are too injured to fight recklessly!
You are too injured to fight recklessly!
You are too injured to fight recklessly!
You are too injured to fight recklessly!
You are too injured to fight recklessly!
You are too injured to fight recklessly!
You are too injured to fight recklessly!
You are too injured to fight recklessly!
You are too injured to fight recklessly!
You are too injured to fight recklessly!
You are too injured to fight recklessly!
You are too injured to fight recklessly!
You claw the iron troll!
You kick the iron troll, but do no damage.
The iron troll is moderately wounded.
The iron troll bites you. The iron troll completely misses you.
The iron troll claws you!!
You completely miss the iron troll.
The iron troll is moderately wounded.
You block the iron troll's attack. The iron troll claws you.
The iron troll claws you!
You mangle the iron troll!! Your kick misses the iron troll.
The iron troll is heavily wounded.
The iron troll bites you!!
You die...

*##### ##....##** ##..7...7,. #
##..P..~~7~. # #########
#..PP..~7~~~ ####.......#
##..../~~~~77 #..........#
#..P.7~~~~7~7
..##......(##########.P...~~7~7..
.###............@TTT..7....T~P..P
## #.......##############7..P..7.
#.......# **###... #.......# *,,.
#.......# ***# ##.###### *** #.##
*,, #..## **,* ##..# ******#****
*,,,


You could see 2 iron trolls and a deep troll.

Action                   |  1- 3 |  4- 6 |  7- 9 | 10-12 | 13-15 | 16-18 || total
-------------------------+-------+-------+-------+-------+-------+-------++-------
Melee: Unarmed           |   104 |   179 |   183 |   704 |  1702 |    62 ||  2934
       Punch             |     1 |     5 |     9 |    55 |   141 |       ||   211
       Kick              |       |       |       |    39 |   643 |    30 ||   712
       Headbutt          |       |       |       |    18 |   429 |    22 ||   469
Throw: Large rock        |       |       |     2 |    12 |    19 |       ||    33
       Tomahawk          |       |       |       |     4 |    89 |       ||    93
Invok: Lesser Servant of |       |       |       |       |     6 |       ||     6
Evoke: Wand              |       |       |     5 |     4 |     9 |       ||    18
  Use: Scroll            |       |       |    12 |    18 |    12 |       ||    42
       Potion            |       |       |       |     2 |       |       ||     2
 Stab: Sleeping          |     4 |       |     2 |     1 |     2 |       ||     9
       Petrifying        |       |       |       |       |     3 |       ||     3
       Distracted        |       |       |       |       |     2 |       ||     2
  Eat: Chunk             |    15 |    16 |    22 |    80 |   122 |     3 ||   258
       Beef jerky        |       |       |       |     1 |     2 |       ||     3
       Pizza             |       |       |       |     1 |       |       ||     1
Armor: Robe              |    33 |    42 |    40 |    13 |       |       ||   128
       Mottled dragon ar |       |       |       |   311 |   429 |     8 ||   748
Dodge: Dodged            |    56 |    71 |    71 |   291 |   903 |    14 ||  1406
Block: Shield            |       |       |       |       |    66 |    18 ||    84

Notes
Turn   | Place    | Note
-------+----------+-------------------------------------------
     0 | D:1      | Duffy the Troll Monk began the quest for the Orb.
     0 | D:1      | Reached XP level 1. HP: 22/22 MP: 0/0
   141 | D:1      | Reached XP level 2. HP: 29/29 MP: 1/1
   560 | D:1      | Reached skill level 4 in Unarmed Combat
   714 | D:2      | Found a blossoming altar of Fedhas.
   721 | D:2      | Reached XP level 3. HP: 36/36 MP: 2/2
   787 | D:2      | You fall through a shaft!
   810 | D:3      | Found an iron altar of Okawaru.
   923 | D:2      | Found an oddly glowing altar of Pakellas.
   923 | D:2      | Noticed a yak
   933 | D:2      | Killed a yak
   934 | D:2      | Noticed an electric golem
  1038 | D:2      | Reached XP level 4. HP: 44/44 MP: 3/3
  1130 | D:2      | Reached skill level 5 in Unarmed Combat
  1454 | D:3      | Found a radiant altar of Vehumet.
  1580 | D:3      | Reached XP level 5. HP: 23/50 MP: 1/4
  1682 | D:3      | Found a glowing golden altar of the Shining One.
  1772 | D:4      | Found a hide-covered altar of Uskayaw.
  1810 | D:4      | Reached skill level 6 in Unarmed Combat
  1942 | D:4      | Reached XP level 6. HP: 30/59 MP: 3/5
  2173 | D:4      | Found a deep blue altar of Sif Muna.
  2174 | D:4      | Found a glowing silver altar of Zin.
  2284 | D:4      | Reached skill level 7 in Unarmed Combat
  2415 | D:4      | Found an iron altar of Okawaru.
  2647 | D:5      | Entered Level 5 of the Dungeon
  2717 | D:5      | Found a burning altar of Makhleb.
  2723 | D:5      | Became a worshipper of Makhleb the Destroyer
  2723 | D:5      | Reached * piety under Makhleb
  2723 | D:5      | Reached ** piety under Makhleb
  2792 | D:5      | Noticed eragonby's ghost (amateur DECj)
  2807 | D:5      | Killed eragonby's ghost
  2807 | D:5      | Reached skill level 8 in Unarmed Combat
  2807 | D:5      | Reached XP level 7. HP: 53/66 MP: 6/6
  2872 | D:5      | Found Cacvimos's Distillery.
  2878 | D:5      | Bought a potion of heal wounds for 70 gold pieces
  2878 | D:5      | Bought a potion of haste for 140 gold pieces
  2883 | D:5      | Noticed Eustachio
  2893 | D:5      | Killed Eustachio
  2893 | D:5      | Reached skill level 9 in Unarmed Combat
  2942 | D:5      | Found a sand-covered staircase.
  3041 | D:5      | Found a stormy altar of Qazlal.
  3074 | D:5      | Found a sparkling altar of Nemelex Xobeh.
  3245 | D:5      | Found a white marble altar of Elyvilon.
  3394 | D:5      | Found a staircase to the Ecumenical Temple.
  3427 | D:5      | Bought a potion of curing for 42 gold pieces
  3657 | D:6      | Reached XP level 8. HP: 31/74 MP: 5/7
  3765 | D:6      | Noticed Duvessa
  3767 | D:6      | Noticed Dowan
  3775 | D:6      | Killed Duvessa
  3775 | D:6      | Reached skill level 10 in Unarmed Combat
  3777 | D:6      | Killed Dowan
  3823 | D:6      | Reached *** piety under Makhleb
  3983 | D:6      | Reached skill level 11 in Unarmed Combat
  4081 | D:6      | Found a stormy altar of Qazlal.
  4423 | D:5      | Bought a potion of might for 56 gold pieces
  4482 | D:7      | You fall through a shaft for 3 floors!
  4482 | D:10     | Entered Level 10 of the Dungeon
  4556 | D:10     | Reached XP level 9. HP: 80/80 MP: 8/8
  4558 | D:9      | Found a staircase to the Lair.
  4558 | D:9      | Noticed a komodo dragon
  4584 | D:9      | Killed a komodo dragon
  4584 | D:9      | Reached skill level 12 in Unarmed Combat
  4633 | D:9      | Found a sacrificial altar of Ru.
  4725 | D:9      | Reached skill level 13 in Unarmed Combat
  4975 | D:8      | Found Cafur's Assorted Antiques.
  4978 | D:8      | Reached **** piety under Makhleb
  4996 | D:8      | Bought a scroll labeled JIMMAL XOLA for 21 gold pieces
  4996 | D:8      | Bought a scroll labeled DAATHR TYHAES for 21 gold pieces
  5180 | D:7      | Noticed Prince Ribbit
  5183 | D:7      | Killed Prince Ribbit
  5183 | D:7      | Reached skill level 14 in Unarmed Combat
  5183 | D:7      | Reached XP level 10. HP: 88/88 MP: 9/9
  5367 | D:7      | Reached skill level 1 in Invocations
  5375 | D:7      | Reached skill level 1 in Evocations
  5776 | D:7      | Reached skill level 3 in Fighting
  5776 | D:7      | Reached skill level 2 in Invocations
  6023 | D:8      | Reached ***** piety under Makhleb
  6131 | D:8      | Reached skill level 2 in Evocations
  6706 | D:9      | Reached skill level 3 in Invocations
  6802 | D:9      | Found an opulent altar of Gozag.
  7117 | D:10     | Found a staircase to the Orcish Mines.
  7148 | D:10     | Reached skill level 4 in Fighting
  7167 | D:10     | Noticed a hill giant
  7178 | D:10     | Killed a hill giant
  7289 | D:10     | Reached skill level 3 in Evocations
  7348 | D:10     | Noticed a cyclops
  7366 | D:10     | Killed a cyclops
  7468 | D:10     | Reached skill level 4 in Invocations
  7520 | D:10     | Noticed Sonja
  7546 | D:10     | Killed Sonja
  7546 | D:10     | Reached XP level 11. HP: 99/99 MP: 13/13
  7829 | D:11     | Reached skill level 5 in Fighting
  7933 | D:11     | Reached skill level 4 in Evocations
  7950 | D:11     | Reached skill level 5 in Invocations
  7970 | D:11     | Reached skill level 5 in Evocations
  8092 | D:11     | Reached skill level 1 in Throwing
  8112 | D:11     | Reached skill level 3 in Dodging
  8309 | D:11     | Noticed a hill giant
  8319 | D:11     | Reached skill level 2 in Throwing
  8322 | D:11     | Killed a hill giant
  8370 | D:11     | Reached ****** piety under Makhleb
  8429 | D:11     | Gained mutation: You evolve. [potion of beneficial mutation]
  8430 | D:11     | Gained mutation: Your system is resistant to poisons. (rPois) [potion of beneficial mutation]
  8617 | D:11     | Noticed a hill giant
  8623 | D:11     | Killed a hill giant
  8623 | D:11     | Reached skill level 3 in Throwing
  8623 | D:11     | Reached skill level 4 in Dodging
  8717 | D:11     | Noticed Psyche
  8725 | D:11     | Killed Psyche
  8870 | D:12     | Noticed Harold
  8971 | D:11     | Killed Harold
  8971 | D:11     | Reached skill level 4 in Throwing
  8971 | D:11     | Reached skill level 5 in Dodging
  9135 | D:12     | Gained mutation: Your mind is acute. (Int +2) [evolution]
  9253 | D:12     | Gained mutation: You regenerate. [mutagenic meat]
  9311 | D:12     | Reached skill level 5 in Throwing
  9323 | D:12     | Reached XP level 12. HP: 109/109 MP: 13/14
  9771 | D:13     | Reached skill level 6 in Dodging
  9776 | D:12     | Reached skill level 6 in Throwing
  9953 | D:13     | Found Joempael's Pet Rocks.
  9995 | D:13     | Noticed a tengu warrior
 10007 | D:13     | Killed a tengu warrior
 10055 | D:13     | Got a pitted cloak
 10079 | D:12     | Identified the +2 cloak "Wune" {rElec rC+} (You found it on level 13 of the Dungeon)
 10277 | D:13     | Reached skill level 7 in Throwing
 10277 | D:13     | Reached skill level 7 in Dodging
 10336 | D:13     | Got a crude silver ring
 10338 | D:13     | Identified the ring of Puank {Wiz rN+} (You found it on level 13 of the Dungeon)
 10721 | D:13     | Noticed a seven-headed hydra
 10725 | D:13     | Killed a seven-headed hydra
 10784 | D:13     | Reached skill level 6 in Fighting
 10799 | D:13     | Lost mutation: You evolve. [end of evolution]
 10828 | D:13     | Reached skill level 8 in Throwing
 10848 | D:13     | Gained mutation: You have a pair of small horns on your head. [mutagenic meat]
 10851 | D:13     | Gained mutation: You are resistant to electric shocks. (rElec) [mutagenic meat]
 10854 | D:13     | Gained mutation: You have large cloven feet. [mutagenic meat]
 10988 | Lair:1   | Entered Level 1 of the Lair of Beasts
 11237 | Lair:1   | Found a frozen archway.
 11252 | IceCv    | Entered an ice cave
 11538 | IceCv    | Reached XP level 13. HP: 121/121 MP: 15/15
 11618 | IceCv    | Reached skill level 7 in Fighting
 12602 | Lair:2   | Reached skill level 9 in Throwing
 13694 | Lair:3   | Found a staircase to the Snake Pit.
 13871 | Lair:3   | Reached skill level 8 in Fighting
 14428 | Lair:4   | Reached skill level 10 in Throwing
 14450 | Lair:4   | Noticed Snorg
 14459 | Lair:4   | Killed Snorg
 15394 | Lair:5   | Reached skill level 9 in Fighting
 15563 | Lair:5   | Reached skill level 15 in Unarmed Combat
 15726 | Lair:5   | Found a staircase to the Slime Pits.
 15820 | Lair:5   | Reached XP level 14. HP: 138/138 MP: 16/16
 16362 | Lair:6   | Entered Level 6 of the Lair of Beasts
 16868 | Lair:6   | Reached skill level 10 in Fighting
 16975 | Lair:6   | Found a runed door.
 17433 | Lair:6   | Reached skill level 16 in Unarmed Combat
 17768 | Lair:6   | Reached skill level 8 in Dodging
 18298 | Lair:6   | Reached skill level 6 in Invocations
 18550 | Lair:6   | Reached skill level 7 in Invocations
 18760 | Orc:1    | Entered Level 1 of the Orcish Mines
 18769 | Orc:1    | Paralysed by an orc sorcerer for 6 turns
 18829 | Orc:2    | Entered Level 2 of the Orcish Mines
 19327 | Orc:2    | Reached skill level 8 in Invocations
 19358 | Orc:2    | Found Wihuizan's Gadget Boutique.
 19368 | Orc:2    | Found Irocomon's Assorted Antiques.
 19766 | Orc:2    | Found a roughly hewn altar of Beogh.
 19871 | Orc:2    | Reached skill level 1 in Armour
 20032 | Orc:2    | Reached XP level 15. HP: 147/147 MP: 20/20
 20137 | Orc:2    | Found a staircase to the Elven Halls.
 20220 | Orc:2    | Reached skill level 2 in Armour
 20677 | Orc:2    | Noticed an orc warlord
 20714 | Orc:2    | Killed an orc warlord
 20714 | Orc:2    | Reached skill level 3 in Armour
 20951 | Orc:2    | Found Okiagah's Food Shoppe.
 21008 | Orc:2    | Reached skill level 4 in Armour
 21105 | Orc:2    | Found Kanemoj's Antique Armour Boutique.
 21127 | Orc:2    | Found a roughly hewn altar of Beogh.
 21350 | Orc:2    | Bought a dazzling shield for 275 gold pieces
 21350 | Orc:2    | Identified the cursed +0 shield of Quantum Leap {MR- Str+6 Dex+2 Slay+3} (You bought it in a shop on level 2 of the Orcish Mines)
 21410 | Orc:2    | Bought a scroll labeled LIUW JYGOPSO for 27 gold pieces
 21410 | Orc:2    | Bought a scroll of identify for 54 gold pieces
 21417 | Orc:2    | Bought a tubular jade ring for 135 gold pieces
 21440 | Orc:2    | Bought a wand of hasting (2/9) for 432 gold pieces
 21590 | Orc:1    | Noticed an orc warlord
 21618 | Orc:1    | Killed an orc warlord
 21618 | Orc:1    | Reached skill level 5 in Armour
 22465 | D:14     | Noticed Azrael
 22483 | D:14     | Killed Azrael
 22483 | D:14     | Reached skill level 6 in Armour
 22908 | D:15     | Entered Level 15 of the Dungeon
 22932 | D:15     | Found a basalt altar of Yredelemnul.
 23028 | D:15     | Found a shattered altar of Ashenzari.
 23272 | D:15     | Reached skill level 1 in Shields
 23279 | D:15     | Noticed a fire giant
 23293 | D:15     | Killed a fire giant
 23359 | D:15     | Reached skill level 2 in Shields
 23886 | D:15     | Reached skill level 3 in Shields
 24058 | D:15     | Found a staircase to the Depths.
 24118 | Depths:1 | Entered Level 1 of the Depths
 24129 | Depths:1 | Found a gateway to Hell.
 24200 | Depths:1 | Reached skill level 4 in Shields
 24252 | Depths:1 | Found a flickering gateway to a bazaar.
 24266 | Bazaar   | Entered a bazaar
 24270 | Bazaar   | Found Carry's Gadget Boutique.
 24288 | Bazaar   | Found Orgheaj's Antique Weapon Emporium.
 24305 | Bazaar   | Found Hulua's Book Boutique.
 24325 | Bazaar   | Found Fegoded's Antique Armour Shoppe.
 24362 | Bazaar   | Bought a distressingly furry cloak for 256 gold pieces
 24362 | Bazaar   | Identified the cursed -1 cloak of Akanygot {rPois rCorr} (You bought it in a shop in a bazaar)
 24774 | Depths:1 | Reached skill level 5 in Shields
 24824 | Depths:1 | Found Saomac's Magic Scroll Shop.
 24824 | Depths:1 | Found Huaph's General Store.
 24912 | Depths:1 | Bought a scroll of blinking for 82 gold pieces
 24912 | Depths:1 | Bought a scroll of blinking for 82 gold pieces
 24982 | Depths:1 | Reached skill level 6 in Shields
 25040 | Depths:1 | Reached XP level 16. HP: 156/156 MP: 21/21
 25189 | Depths:1 | Noticed a caustic shrike
 25207 | Depths:1 | Noticed a lich
 25220 | Depths:1 | Killed a lich
 25272 | Depths:1 | Reached skill level 7 in Shields
 25426 | Depths:1 | Slain by an iron troll

Skill      XL: |  1  2  3  4  5  6  7  8  9 10 11 12 13 14 15 16 |
---------------+-------------------------------------------------+-----
Unarmed Combat | 4 5 6 8 9 11 14 15 16 | 16.2
Invocations    | 4 5 8 |  8.5
Evocations     | 3 5 |  5.0
Fighting       | 4 5 6 9 10 | 10.2
Throwing       | 5 8 10 | 10.0
Dodging        | 5 7 8 |  8.8
Armour         | 1 6 |  6.5
Shields        | 6 7 |  7.5
Stealth        | |  1.2

Vault maps used:
D:1:      lightli_molten_gateway, kennysheep_small_spiral
D:2:      nicolae_overflow_crystal_walls, gammafunk_pakellas_its_alive
D:3:      vehumet_crystals, lemuel_round_altar, nicolae_tso_swordbearing_angel,
          first_bread
D:4:      eat_drink_and_be_merry_uskayaw, nicolae_overflow_hidden_temple,
          okawaru_gym_becter
D:5:      nemelex_altar_shiori, kennysheep_mini, old_standard_altar,
          bloody_makhleb, serial_shops, nicolae_shop_statue_plus,
          nicolae_ossuary_entry_plus, uniq_eustachio
D:6:      basic_altar, sigmund_army, uniq_duvessa
D:7:      uniq_prince_ribbit1
D:8:      serial_shops, shop_statue
D:9:      old_standard_altar, nicolae_ru_path_of_blood, david_lair_shrubbed
D:10:     hiddenorc2_lemuel, uniq_sonja
D:11:     grunt_pizzeria, uniq_psyche
D:12:     kennysheep_demon_hangout, hangedman_decor_peaks_small, minivault_16,
          uniq_harold
D:13:     guppyfry_shop_earth
D:14:     lightli_vaults_fourway_checkpoint, minivault_23, evilmike_butchery,
          uniq_azrael
D:15:     grunt_enter_depths_hoard, yredelemnul_altar_generic,
          evilmike_ruin_ashenzari
Lair:1:   portal_ice_cave_entry_pillars_1
Lair:3:   minmay_snake_entry_six_corridors, serial_bayou_shore_a
Lair:4:   nicolae_swamp_entry_splash_gauntlet, uniq_snorg
Lair:5:   slime_dummy, beast_lair_carwin_6
Lair:6:   hangedman_lair_tendril_chambers, wormcave, lemuel_fruit_tree
Orc:2:    pubby_orc_utopia, serial_shops
Depths:1: serial_shops, bzr_entry_road, shop_statue, shop, serial_bayou_pond_a,
          pf_hell_entry_tar_river, serial_glass, glass_columns_a,
          glass_columns_a, glass_columns_b, lightli_corner_chamber,
          grunt_megastairs_4
Depths:2: kennysheep_four_of_diamonds, serial_shops, shop,
          nicolae_shop_temple_entry_statues_fountains, nicolae_shop_crystal,
          shop, nicolae_two_hexagons, grunt_hell_entry_dis_grunt,
          minmay_misc_feat_nine_boxes, hangedman_decor_clover_reticule
Bazaar:   bazaar_jpeg_circle_common
IceCv:    ice_cave_tombish

Vanquished Creatures
  A lich
  A fire giant
  2 orc warlords
  3 stone giants Azrael Snorg
  A fire dragon Harold
  2 ice dragons
  5 hydras
  A ghost crab (shapeshifter)
  2 centaur warriors
  2 ogre magi
  A catoblepas
  2 deep troll shamans
  3 death yaks
  5 orc high priests
  4 tengu warriors Sonja
  4 unseen horrors
  A giant orange brain
  8 hill giants
  4 orc knights
  A deep troll
  A wizard
  A wolf spider
  5 orc sorcerers
  2 lindwurms
  A necromancer
  6 ugly things
  3 hornets
  A deep elf mage
  2 salamanders (shapeshifter)
  3 cyclopes
  4 slime creatures
  2 manticores
  12 elephants
  8 black mambas Psyche
  A guardian serpent
  2 ice statues
  7 torpor snails
  A gargoyle
  A smoke demon
  12 spiny frogs
  5 spectral swamp worms
  3 yaktaurs
  A kobold demonologist
  10 ice devils
  2 rime drakes
  A freezing wraith
  4 giant leeches
  4 komodo dragons
  A two-headed ogre (shapeshifter)
  10 trolls
  9 two-headed ogres
  2 polar bears Prince Ribbit
  17 blink frogs
  A shadow
  The ghost of eragonby the Magician, an amateur DECj
  2 wraiths
  3 fire elementals
  9 wyverns
  3 basilisks
  63 yaks
  A human
  9 hippogriffs Eustachio
  6 vampire mosquitoes
  4 hungry ghosts
  2 mottled dragons
  A swamp worm
  9 wargs
  3 soldier ants Duvessa
  8 porcupines
  13 water moccasins
  3 hell hounds
  3 eyes of draining
  2 black bears
  2 ice beasts
  3 sky beasts
  11 wasps
  A necrophage
  55 orc warriors
  25 ogres
  13 centaurs
  9 crocodiles
  2 big kobolds
  14 giant frogs
  An earth elemental Dowan
  A wyvern skeleton
  2 scorpions
  2 water moccasin skeletons
  4 wights
  An electric eel
  6 howler monkeys
  3 centaur zombies
  A lava snake
  2 draconian simulacra
  A giant frog zombie
  2 quasits
  5 crimson imps
  An iron imp
  6 jellies
  5 hounds
  24 orc wizards
  30 orc priests
  A giant frog skeleton
  10 iguanas
  4 centaur skeletons
  A troll simulacrum
  15 worker ants
  25 sheep
  2 centaur simulacra
  A hound zombie
  A howler monkey zombie
  A worker ant zombie
  8 gnolls
  4 naga simulacra
  20 adders
  A howler monkey skeleton
  32 river rats
  2 ogre simulacra
  3 shadow imps
  2 oozes
  A worm
  9 giant geckos
  153 orcs
  5 giant cockroaches
  10 goblins
  12 hobgoblins
  8 jackals
  4 quokkas
  A bat
  2 giant newts
  A jackal skeleton
  12 kobolds
  A quokka skeleton
  11 rats
  14 fungi
  33 plants
994 creatures vanquished.
